 Dungeon Crawl Stone Soup version 0.27-a0-681-g0c81a3c1c3 (webtiles) character file.

Game seed: 579884079062355646

4983 tilp the Insei (level 10, -4/66 HPs)
             Began as an Octopode Transmuter on Mar 19, 2021.
             Was a Priest of Okawaru.
             Slain by a gargoyle
             ... wielding a +0 flail
              (22 damage)
             ... on level 8 of the Dungeon.
             The game lasted 00:30:25 (15575 turns).

tilp the Insei (Octopode Transmuter)               Turns: 15575, Time: 00:30:25

Health: -4/66      AC:  1    Str: 16      XL:     10   Next: 53%
Magic:  25/25      EV: 16    Int: 18      God:    Okawaru [***...]
Gold:   974        SH:  7    Dex: 18 (19) Spells: 0/17 levels left

rFire    + . .     SeeInvis .     - Unarmed
rCold    . . .     Faith    .   g - +2 buckler
rNeg     . . .     Spirit   .   (helmet currently unavailable)
rPois    .         Reflect  .   (no amulet)
rElec    .         Harm     .   o - +6 ring of strength
rCorr    .         Rampage  .   a - +6 ring of dexterity
Will     .....                  z - ring of protection from fire
Stlth    ++++......             G - ring of magical power
HPRegen  0.21/turn              (no ring)
MPRegen  0.19/turn              (no ring)
                                (no ring)
                                (no ring)

@: appendages, studying Short Blades
A: tentacle spike 3, almost no armour, amphibious, 8 rings, camouflage 1,
gelatinous body 1, nimble swimmer 1, tentacles
a: End Transformation, Renounce Religion, Heroism


You were on level 8 of the Dungeon.
You worshipped Okawaru.
Okawaru was most pleased with you.
One of your tentacles had grown a beastly spike.
You visited 2 branches of the dungeon, and saw 10 of its levels.
You also visited: Ossuary.

You collected 1661 gold pieces.
You spent 687 gold pieces at shops.

Inventory:

Missiles
 n - 23 poisoned darts (quivered)
 r - 4 boomerangs of dispersal
 y - 3 silver javelins
 A - 4 silver boomerangs
 B - 7 boomerangs
Armour
 g - a +2 buckler (worn)
Jewellery
 a - a +6 ring of dexterity (right tentacle)
 j - a ring of fire
 o - a +6 ring of strength (left tentacle)
 z - a ring of protection from fire (on tentacle)
 G - a ring of magical power (on tentacle)
Wands
 q - a wand of acid (7)
 u - a wand of paralysis (4)
 w - a wand of iceblast (16)
Scrolls
 c - a scroll of fear
 i - a scroll of identify
 p - a scroll of magic mapping
 s - 3 scrolls of teleportation
 t - 2 scrolls of random uselessness {unknown}
 v - a scroll of silence
 D - a scroll of holy word {unknown}
 E - a scroll of amnesia {unknown}
Potions
 b - a potion of brilliance {unknown}
 d - a potion of haste
 e - 2 potions of might
 f - 2 potions of heal wounds
 h - a potion of attraction {unknown}
 k - 3 potions of flight
 l - 2 potions of lignification
 m - 2 potions of invisibility {unknown}
 x - 2 potions of resistance
 F - a potion of berserk rage {unknown}
Miscellaneous
 C - a lightning rod (4/4)


   Skills:
 + Level 5.4 Fighting
 * Level 5.4 Dodging
 - Level 4.0 Stealth
 - Level 4.0 Shields
 * Level 7.9 Unarmed Combat
 - Level 4.0 Spellcasting
 - Level 6.0 Transmutations
 - Level 2.0 Poison Magic
 - Level 6.0 Invocations
 - Level 4.0 Evocations


You couldn't memorise any spells.
You knew the following spells:

 Your Spells              Type           Power      Damage    Failure   Level
a - Beastly Appendage     Tmut           50%        N/A       1%          1
b - Wereblood             Tmut           25%        N/A       1%          2
c - Spider Form           Tmut/Pois      9%         N/A       9%          3
d - Ice Form              Ice/Tmut       14%        N/A       38%         4
e - Blade Hands           Tmut           12%        N/A       34%         5
f - Apportation           Tloc           6%         N/A       14%         1
g - Corona                Hex            3%         N/A       14%         1

Your spell library contained the following spells:

 Spells                   Type           Power      Damage    Failure   Level
 Animate Skeleton         Necr           6%         N/A       14%         1
 Freeze                   Ice            12%        1d4       14%         1
 Magic Dart               Conj           12%        1d3       14%         1
 Summon Small Mammal      Summ           12%        N/A       14%         1
 Searing Ray              Conj           6%         3d3       22%         2
 Dazzling Flash           Conj/Hex       6%         N/A       41%         3
 Frozen Ramparts          Ice            6%         1d2       41%         3
 Fulminant Prism          Conj/Hex       1%         3d6       82%         4
 Iskenderun's Mystic Bla  Conj/Tloc      3%         2d3       82%         4
 Borgnjor's Vile Clutch   Necr/Erth      1%         N/A       99%         5
 Metabolic Englaciation   Hex/Ice        1%         N/A       99%         5
 Simulacrum               Ice/Necr       1%         N/A       100%        6


Dungeon Overview and Level Annotations

Branches:
Dungeon (9/15)             Temple (1/1) D:5            Lair (0/6) D:8
Ossuary (visited)
    Orc: D:9-12

Altars:
Ashenzari
Cheibriados
Dithmenos
Elyvilon
Fedhas
Gozag
Hepliaklqana
Kikubaaqudgha
Makhleb
Nemelex Xobeh
Okawaru
Qazlal
Ru
Sif Muna
Trog
Uskayaw
Vehumet
Wu Jian
Xom
Yredelemnul
Zin
The Shining One

Shops:
D:1 [   D:3 :   D:5 *

Annotations:
D:5 1 runed translucent door (strong ghost, acq), p0werm0de's ghost, novice GrFi
D:7 exclusions: bullfrog, 2 hydras, ogre and 1 more exclusion
D:8 gargoyle roaming


Innate Abilities, Weirdness & Mutations

One of your tentacles has grown a beastly spike.
You cannot wear most types of armour.
You are amphibious.
You can wear up to eight rings at the same time.
Your skin changes colour to match your surroundings (Stealth+).
Your rubbery body absorbs attacks. (AC +1, EV +1)
You are stealthy while swimming. (Stealth+)
You have tentacles for arms and can constrict up to eight enemies at once.


Message History

You climb downwards.
Level annotation: gargoyle roaming
There is a stone staircase leading up here.
Unknown command.
A gargoyle is nearby!
Press: ? - help, v - describe, . - travel
Here: a gargoyle, wielding a +0 flail The floor.
Throw: 2 throwing nets
Press: ? - help, Shift-Dir - straight line, f - gargoyle
Aim: a gargoyle, wielding a +0 flail (77% to hit)
You throw a throwing net.
The throwing net barely misses the gargoyle.
Throw: throwing net
Press: ? - help, Shift-Dir - straight line, f/p - gargoyle
Aim: a gargoyle, wielding a +0 flail (77% to hit)
You throw a throwing net. The throwing net hits the gargoyle.
The gargoyle is caught in the net!
The gargoyle struggles against the net.
Casting: Corona (safe; 14% risk of failure)
Confirm with . or Enter, or press ? or * to list all spells.
One of your tentacles grows a vicious spike.
The gargoyle struggles against the net.
The gargoyle hurls a stone arrow at you.
The stone arrow hits you!!
The gargoyle struggles against the net.
The gargoyle struggles against the net.
The gargoyle struggles against the net.
The net rips apart, and the gargoyle comes free!
You tentacle-slap the gargoyle but do no damage.
You grab the gargoyle. You squeeze the gargoyle.
The gargoyle is lightly damaged.
You constrict the gargoyle.
The gargoyle hurls a stone arrow at you.
The stone arrow hits you!!
* * * LOW HITPOINT WARNING * * *
You tentacle-slap the gargoyle but do no damage.
The gargoyle is moderately damaged.
You constrict the gargoyle, but do no damage.
The gargoyle hits you with a +0 flail!!
You die...

..###...##........[## #([....#
....................# ###......#
........9...........# #..##.....
#####...#...........####..##.....
# #...##.........###..........#
#####...###........###..........#
)...#...####.....................
.........(...#.............)...[.
....########.#.9@...##..##.....[.
....# #.(......##..##.......
############^...?...####......##.
#..............#####......##.
######............####.....)#
##..>...##...####....[.#
#.###..##.....######### ### #.#
#..###....####
..#########.###..###..#....##..


You could see a gargoyle.

Vanquished Creatures
  A troll (D:9)
  A wraith (D:7)
  A wyvern (D:6)
  A yak (D:7)
  A vampire mosquito (D:8)
  A sky beast (D:7)
  3 ogres
  2 orc warriors
  3 black bears
  4 ice beasts
  A centaur (D:7)
  A kobold brigand (D:7)
  2 phantoms
  2 bullfrogs
  A gnoll sergeant (D:6)
  2 scorpions
  5 killer bees
  13 wights
  3 howler monkeys
  A bullfrog zombie (D:8)
  2 centaur zombies
  5 hounds
  2 jellies
  2 quasits
  Crazy Yiuf (D:5)
  2 orc priests
  A bullfrog skeleton (D:5)
  4 centaur skeletons
  2 iguanas
  12 orc wizards
  8 worker ants
  A killer bee zombie (D:8)
  A hound zombie (D:6)
  8 mummies (Ossuary)
  A worker ant zombie (D:6)
  4 gnolls
  9 adders
  A shadow imp (D:7)
  3 ufetubi
  2 oozes
  2 adder skeletons
  2 adder zombies
  A worm (D:3)
  2 dart slugs (D:3)
  6 leopard geckos
  28 orcs
  12 bats
  7 giant cockroaches
  10 goblins
  9 hobgoblins
  7 jackals
  4 quokkas
  2 ball pythons
  8 frilled lizards
  2 gnoll zombies (Ossuary)
  4 hobgoblin zombies (Ossuary)
  A jackal zombie (D:3)
  4 kobolds
  A kobold zombie (Ossuary)
  A leopard gecko zombie (D:7)
  An orc zombie (Ossuary)
  A quokka skeleton (D:8)
  8 rats
243 creatures vanquished.

Vanquished Creatures (others)
  4 fungi (D:8)
  6 plants (D:8)
10 creatures vanquished.

Grand Total: 253 creatures vanquished

Notes
Turn   | Place    | Note
-------+----------+-------------------------------------------
     0 | D:1      | tilp the Octopode Transmuter began the quest for the Orb.
     0 | D:1      | Reached XP level 1. HP: 13/13 MP: 3/3
    51 | D:1      | Reached skill level 1 in Stealth
    97 | D:1      | Reached XP level 2. HP: 13/18 MP: 3/5
   173 | D:1      | Learned a level 2 spell: Wereblood
   587 | D:1      | Reached XP level 3. HP: 17/23 MP: 3/6
   707 | D:1      | Found Lueprekhee's Armour Shoppe.
  2140 | D:2      | Reached skill level 1 in Shields
  2465 | D:2      | Reached XP level 4. HP: 21/29 MP: 5/7
  2757 | D:3      | Found Jyocoen's Book Shoppe.
  3576 | D:3      | Reached XP level 5. HP: 19/36 MP: 6/8
  3981 | D:3      | Found an opulent altar of Gozag.
  3981 | D:3      | Found an ancient bone altar of Kikubaaqudgha.
  4323 | D:4      | Identified a scroll of acquirement
  4323 | D:4      | Acquired 965 gold pieces
  4534 | D:4      | Found a sand-covered staircase.
  4541 | Ossuary  | Entered an ossuary
  4648 | Ossuary  | Reached XP level 6. HP: 40/42 MP: 6/9
  5513 | D:4      | Found a radiant altar of Vehumet.
  5943 | D:4      | Noticed a black bear
  5961 | D:4      | Killed a black bear
  5962 | D:4      | Reached skill level 4 in Unarmed Combat
  5962 | D:4      | Reached XP level 7. HP: 25/48 MP: 8/10
  6857 | D:4      | Reached skill level 5 in Unarmed Combat
  7261 | D:5      | Entered Level 5 of the Dungeon
  7574 | D:5      | Found Ysugil's General Store.
  7613 | D:5      | Found a staircase to the Ecumenical Temple.
  7627 | Temple   | Entered the Ecumenical Temple
  7745 | Temple   | Became a worshipper of Warmaster Okawaru
  7864 | D:5      | Found a runed translucent door.
  7868 | D:5      | Noticed p0werm0de's ghost (novice GrFi)
  7895 | D:5      | Found a glowing golden altar of the Shining One.
  8115 | D:5      | Found a runed translucent door.
  8116 | D:5      | Noticed Crazy Yiuf
  8181 | D:5      | Learned a level 3 spell: Spider Form
  8262 | D:6      | Reached skill level 6 in Unarmed Combat
  8262 | D:6      | Reached skill level 1 in Invocations
  8465 | D:6      | Noticed a wyvern
  8471 | D:6      | Killed a wyvern
  8472 | D:6      | Reached XP level 8. HP: 54/54 MP: 9/11
  8573 | D:6      | Reached skill level 1 in Poison Magic
  9846 | D:5      | Bought a potion of degeneration for 11 gold pieces
  9846 | D:5      | Bought a scroll of identify for 22 gold pieces
  9846 | D:5      | Bought a potion of lignification for 33 gold pieces
  9846 | D:5      | Bought a wand of paralysis (5) for 77 gold pieces
  9846 | D:5      | Bought a scroll of silence for 82 gold pieces
  9846 | D:5      | Bought a wand of acid (9) for 286 gold pieces
  9846 | D:5      | Bought a wand of iceblast (12) for 176 gold pieces
  9991 | D:5      | Reached * piety under Okawaru
 10317 | D:5      | Killed Crazy Yiuf
 10318 | D:5      | Reached XP level 9. HP: 42/58 MP: 11/15
 10568 | D:6      | Reached skill level 5 in Transmutations
 11062 | D:8      | Found the +3 robe of Folly {Archmagi, Will-- Int+5}
 11385 | D:8      | Reached skill level 1 in Evocations
 12057 | D:7      | Reached ** piety under Okawaru
 12262 | D:8      | Reached skill level 5 in Invocations
 12647 | D:8      | Noticed a gargoyle
 12969 | D:8      | Found a staircase to the Lair.
 12996 | D:8      | Reached XP level 10. HP: 65/65 MP: 13/16
 13446 | D:8      | Reached skill level 7 in Unarmed Combat
 13945 | D:7      | Reached *** piety under Okawaru
 14153 | D:7      | Noticed a centaur warrior
 14158 | D:7      | Reached skill level 5 in Fighting
 14488 | D:7      | Reached skill level 5 in Dodging
 14624 | D:7      | Identified Jiliph's Papyrus of the Congealing Rocks
 14631 | D:7      | Learned a level 4 spell: Ice Form
 14637 | D:7      | Learned a level 5 spell: Blade Hands
 14639 | D:7      | Learned a level 1 spell: Apportation
 14641 | D:7      | Learned a level 1 spell: Corona
 14743 | D:7      | Noticed a five-headed hydra
 14743 | D:7      | Noticed an eight-headed hydra
 15575 | D:8      | Slain by a gargoyle

Illustrated notes

Levels and vault maps discovered:
D:1:      shiori_arrival_maze, layout_loops_ring, serial_shops, shop,
          roderic_serpentine_path
D:2:      layout_rooms
D:3:      layout_loops_ring, amethyst_overflow_temple_binary, serial_shops,
          nicolae_shop_stone, minmay_mini_jars
D:4:      layout_loops_corners, nicolae_vehumet_radiance,
          nicolae_ossuary_entry_ruins, minmay_manual_moon
D:5:      layout_rooms, general_overflow_altar, minmay_temple_entry_ruins,
          serial_shops, nicolae_shop_waterfront, ebering_ghost_sewer_d,
          uniq_crazy_yiuf_cottage
D:6:      layout_rooms, minmay_a_box_with_orc_wizards_in_it
D:7:      nzn_winding_woodlands_large [nzn_winding_woodlands_5x5_cross,
          nzn_winding_woodlands_5x15_crooked,
          nzn_winding_woodlands_5x5_open_star,
          nzn_winding_woodlands_center_lodge,
          nzn_winding_woodlands_15x15_thick_spiral,
          nzn_winding_woodlands_center_pierced_h,
          nzn_winding_woodlands_5x5_three,
          nzn_winding_woodlands_5x15_split_checker,
          nzn_winding_woodlands_hourglass], layout_rooms,
          hangedman_decor_diamond_cutter, minmay_misc_feat_roman,
          kennysheep_generic_room_9
D:8:      minmay_bloctagon, layout_rooms, dpeg_oklobed_lair
D:9:      layout_gridville, kennysheep_crisscross
Temple:   regret_index_temple_mists

Skill      XL: |  1  2  3  4  5  6  7  8  9 10 |
---------------+-------------------------------+-----
Stealth        | 2 3 4 |  4.0
Shields        | 1 2 3 4 |  4.0
Fighting       | 2 3 4 5 |  5.4
Unarmed Combat | 4 6 7 |  7.9
Invocations    | 3 4 6 |  6.0
Poison Magic   | 2 |  2.0
Transmutations | 4 6 |  6.0
Spellcasting   | 4 |  4.0
Evocations     | 4 |  4.0
Dodging        | 3 5 |  5.4

Action                   |  1- 3 |  4- 6 |  7- 9 | 10-12 || total
-------------------------+-------+-------+-------+-------++-------
Melee: Unarmed           |    77 |   168 |   279 |   134 ||   658
       Constrict         |    21 |    47 |    51 |    12 ||   131
       Tentacles         |     7 |    20 |    47 |    10 ||    84
       Kick              |    15 |    46 |    68 |    16 ||   145
       Punch             |       |     4 |    13 |     2 ||    19
Throw: Stone             |     3 |       |       |       ||     3
       Dart              |       |    12 |    18 |       ||    30
       Throwing net      |       |       |       |     2 ||     2
 Cast: Beastly Appendage |    37 |    39 |    43 |     6 ||   125
       Wereblood         |       |    10 |    17 |     5 ||    32
       Spider Form       |       |       |     7 |    10 ||    17
       Corona            |       |       |       |     2 ||     2
Invok: Heroism           |       |       |       |     1 ||     1
Evoke: Wand              |       |     3 |     5 |     3 ||    11
  Use: Scroll            |       |    11 |     4 |       ||    15
       Potion            |       |     2 |     4 |       ||     6
 Stab: Sleeping          |    17 |    12 |     3 |       ||    32
       Distracted        |       |       |       |     2 ||     2
Armor: Skin              |     2 |    10 |    24 |     2 ||    38
Dodge: Dodged            |    28 |    68 |   149 |   102 ||   347
Block: Buckler           |       |    35 |    64 |     6 ||   105

Table legend: (Time is in decaauts)
 A = Elapsed time spent in this place.
 B = Non-inter-level travel time spent in this place.
 C = Inter-level travel time spent in this place.
 D = Time resting spent in this place.
 E = Time spent auto-exploring this place.
 F = Levels seen in this place.
 G = Mean time per level.
                   A        B        C        D        E       F      G
               +--------+--------+--------+--------+--------+-----+--------+
         Total |  15525 |  14495 |   1030 |   6120 |   5959 |  11 | 1411.4 |
       Dungeon |  15007 |  13997 |   1010 |   6040 |   5689 |   9 | 1667.4 |
        Temple |    139 |    119 |     20 |      0 |    115 |   1 |  139.0 |
       Ossuary |    378 |    378 |      0 |     80 |    155 |   1 |  378.0 |
               +--------+--------+--------+--------+--------+-----+--------+

Top non-repeatable levels by time:
     D:7: 3006 daAuts
     D:4: 2587 daAuts
     D:8: 2077 daAuts
     D:1: 1635 daAuts
     D:3: 1614 daAuts
     D:5: 1592 daAuts
     D:2: 1094 daAuts
     D:6: 987 daAuts
     D:9: 412 daAuts
 Ossuary: 378 daAuts
  Temple: 139 daAuts
